 Dungeon Crawl Stone Soup version 0.18-a0-1800-gdc7a371 (webtiles) character file.

49 nubinia the Gusty (level 3, -4/21 HPs)
             Began as a High Elf Air Elementalist on Apr 24, 2016.
             Killed from afar by Natasha (5 damage)
             ... with a magic dart
             ... on level 2 of the Dungeon.
             The game lasted 00:06:59 (1774 turns).

nubinia the Gusty (High Elf Air Elementalist)       Turns: 1774, Time: 00:07:00

Health: -4/21      AC:  5    Str:  5 (7)  XL:     3   Next: 53%
Magic:  12/17      EV: 13    Int: 17 (20) God:
Gold:   60         SH:  0    Dex: 14 (15) Spells: 3 memorised, 3 levels left

rFire  . . .     SeeInvis .     d - -1 dagger (curse)
rCold  . . .     Gourm    .     a - +0 robe
rNeg   . . .     Faith    .     (no shield)
rPois  .         Spirit   .     (no helmet)
rElec  .         Dismiss  .     (no cloak)
rCorr  .         Reflect  .     (no gloves)
SustAt .         Harm     .     i - +2 pair of boots
MR     .....                    (no amulet)
Stlth  ++........               (no ring)
                                f - ring of magical power

@: very slightly contaminated, hasted and slowed, repel missiles, not resistant
to hostile enchantments, unstealthy
A: no striking features
a: no special abilities


You were on level 2 of the Dungeon.
You were not hungry.

You visited 1 branch of the dungeon, and saw 2 of its levels.

You collected 60 gold pieces.

Inventory:

Hand Weapons
 d - a cursed -1 dagger (weapon)
 l - a +0 dagger
Armour
 a - a +0 robe (worn)
 i - a +2 pair of boots (worn)
Jewellery
 f - a ring of magical power (left hand)
 k - an uncursed amulet of regeneration {unknown}
Scrolls
 g - 2 scrolls of remove curse {unknown}
 m - a scroll of enchant armour {unknown}
 n - a scroll of teleportation {unknown}
 p - a scroll of blinking {unknown}
 q - a scroll of immolation {unknown}
Potions
 e - a potion of haste
 h - a potion of degeneration
 o - a potion of curing {unknown}
Books
 b - a book of Air

   Spells                             Type                      Level
   a - Shock                          Conjuration/Air              1
   b - Swiftness                      Charms/Air                   2
   c - Repel Missiles                 Charms/Air                   2
   d - Static Discharge               Conjuration/Air              3
   e - Lightning Bolt                 Conjuration/Air              5
Comestibles
 c - a bread ration
 j - 2 meat rations
 r - 2 chunks of flesh


   Skills:
 + Level 2.5 Dodging
 + Level 2.1 Stealth
 + Level 3.2 Spellcasting
 + Level 1.8 Conjurations
 + Level 4.4 Air Magic


You had 3 spell levels left.
You knew the following spells:

 Your Spells              Type           Power        Failure   Level  Hunger
a - Shock                 Conj/Air       ##..         6%          1    None
b - Swiftness             Chrm/Air       ##......     12%         2    ##.....
r - Repel Missiles        Chrm/Air       ##....       12%         2    ##.....


Dungeon Overview and Level Annotations

Branches:
Dungeon (2/15)

Altars:

Annotations:
D:2 Natasha


Message History

Aim: Natasha (severely wounded)
The zap hits Natasha.
Natasha is almost dead.
Natasha claws you.
* * * LOW HITPOINT WARNING * * *
Natasha stares at you and mumbles some strange words.
The magic dart hits you!
* * * LOW HITPOINT WARNING * * *
Drink which item? (? for menu, Esc to quit)
It was a potion of haste.
You feel yourself speed up. Natasha casts a spell at you.
You feel as though you will be slow longer.
You are very lightly contaminated with residual magic.
Drink which item? (? for menu, Esc to quit)
It was a potion of degeneration.
There was something very wrong with that liquid.
You feel weakened.
You feel dopey.
You feel clumsy. Natasha casts a spell at you. The magic dart hits you!
You die...

## .. .# #.# #. # #.#
#.# #.#####'### #.#
#.....(...# #.# ##
#....h@...# #.# #.
#.......).# #.# #.
#.........# #.####.
#.........# ###......
..'.......†.# #.).#####
###........)#####.#.#
+>........'.......#
#.........#####.#.#####
########### #.#......


You could see Natasha.

Vanquished Creatures
  2 worms
  2 giant geckos (D:1)
  A giant cockroach (D:1)
  8 goblins
  3 hobgoblins (D:1)
  7 jackals
  4 bats (D:1)
  3 giant newts (D:1)
  3 kobolds
  3 rats
36 creatures vanquished.

Notes
Turn   | Place    | Note
--------------------------------------------------------------
     0 | D:1      | nubinia the High Elf Air Elementalist began the quest for the Orb.
     0 | D:1      | Reached XP level 1. HP: 11/11 MP: 4/4
   528 | D:1      | Reached XP level 2. HP: 17/17 MP: 6/6
   532 | D:1      | Learned a level 2 spell: Repel Missiles
   589 | D:1      | Reached skill level 4 in Air Magic
   630 | D:1      | Learned a level 2 spell: Swiftness
  1036 | D:1      | Reached XP level 3. HP: 21/21 MP: 8/8
  1719 | D:2      | Noticed Natasha
  1772 | D:2      | HP: 1/21 [Natasha/magic dart (5)]
  1774 | D:2      | Killed from afar by Natasha

Vault maps used:
D:1:      dpeg_arrival_brainrot, st_stairs_10, minmay_misc_feat_enclosed,
          serial_park_tiny_1
D:2:      uniq_natasha

Skill      XL: |  1  2  3 |
---------------+----------+-----
Air Magic      | 4 |  4.4
Spellcasting   | 3 |  3.2
Dodging        | |  2.5
Stealth        | |  2.1
Conjurations   | |  1.8

Action                   || total
-------------------------++-------
Melee: Dagger            ||     4
 Cast: Shock             ||    84
       Repel Missiles    ||     1
  Use: Potion            ||     2
  Eat: Chunk             ||     3
Armor: Robe              ||     5
Dodge: Dodged            ||    14
